AoeStats
← Cheonma

African Clearing

506964877Analyzed
4v4 RM · 16d ago on Sep 16, 2026· 54m 28s· 8 players
Game mode
Random Map
Map size
Large (8 player)
Population
200
Speed
Normal
Resources
Standard
Victory
Conquest
Starting age
Dark Age
Ending age
Imperial Age
RankedLock teamsTeams togetherTeam positionsShared explorationLock speedFull tech treeHidden civsTurbo modeCheats
Victory
Defeat
🇦🇷 Aztecs · Argentina
1264
+13
🇦🇷 Bulgarians · Argentina
1257
+13
🇦🇷 Franks · Argentina
1185
+16
🇦🇷 Tatars · Argentina
1184
+17
🇨🇱 Malians · Chile
1215
-16
🇨🇱 Bengalis · Chile
1214
-16
🇨🇱 Wu · Chile
1211
-15
🇨🇱 Vikings · Chile
1139
-12
Ω SangreSpirit Ω
9:08 Loom
11:27 Feudal Age
14:17 Double-Bit Axe
15:18 Horse Collar
21:59 Wheelbarrow
24:36 Castle Age
23:19 Scale Barding Armor
23:31 Gold Mining
24:28 Fletching
24:39 Padded Archer Armor
25:23 Bodkin Arrow
26:48 Gold Shaft Mining
27:55 Wheelbarrow
27:06 Town Watch
29:59 Ballistics
30:53 Hand Cart
31:57 Leather Archer Armor
33:19 Husbandry
33:29 Bloodlines
33:42 Light Cavalry
38:05 Chain Barding Armor
37:56 Forging
41:56 Imperial Age
41:26 Bow Saw
42:28 Iron Casting
42:37 Elite Elephant Archer
44:33 Bracer
46:11 Chemistry
46:47 Ring Archer Armor
49:21 Conscription
48:43 Pikeman
49:24 Squires
49:27 Scale Mail Armor
50:04 Plate Barding Armor
52:02 Halberdier
53:19 Chain Mail Armor
54:05 Blast Furnace
Miossarela
4:29 Loom
14:14 Feudal Age
15:19 Double-Bit Axe
22:29 Fletching
22:40 Padded Archer Armor
28:35 Castle Age
29:18 Elite Skirmisher
31:23 Bodkin Arrow
31:45 Leather Archer Armor
36:37 Pikeman
41:30 Scale Mail Armor
41:40 Forging
52:41 Chain Mail Armor
Malardo
7:59 Loom
13:01 Feudal Age
14:31 Double-Bit Axe
14:46 Gold Mining
23:01 Castle Age
21:08 Horse Collar
22:16 Fletching
22:26 Padded Archer Armor
22:15 Town Watch
23:07 Crossbowman
24:24 Wheelbarrow
25:49 Town Patrol
26:43 Hand Cart
29:12 Bodkin Arrow
31:11 Arson
32:12 Elite Skirmisher
35:53 Imperial Age
38:21 Conscription
38:39 Ballistics
40:51 Sitting Tiger
40:51 Arbalester
42:26 Bracer
46:20 Pikeman
47:58 Halberdier
51:02 Squires
51:21 Leather Archer Armor
51:52 Scale Mail Armor
52:03 Forging
52:26 Red Cliffs Tactics
Mythk
4:43 Loom
14:47 Feudal Age
20:07 Castle Age
18:54 Scale Mail Armor
19:05 Forging
19:06 Double-Bit Axe
24:18 Iron Casting
23:58 Chain Mail Armor
34:01 Wheelbarrow
33:13 Town Watch
33:28 Horse Collar
35:21 Tigui
35:48 Tigui
38:14 Ballistics
38:41 Squires
38:29 Arson
39:19 Chain Mail Armor
41:47 Imperial Age
39:58 Fletching
41:47 Hand Cart
45:01 Plate Mail Armor
45:02 Man-at-Arms
45:31 Onager
47:13 Coinage
46:17 Long Swordsman
46:23 Pikeman
47:01 Two-Handed Swordsman
50:00 Banking
51:51 Capped Ram
52:32 Champion
Cheonma
16:05 Feudal Age
16:47 Loom
23:02 Double-Bit Axe
25:50 Castle Age
26:22 Fletching
30:43 Horse Collar
33:14 Scale Barding Armor
34:49 Chain Barding Armor
36:53 Forging
39:33 Gold Mining
39:34 Stone Mining
41:37 Wheelbarrow
43:43 Iron Casting
44:28 Bloodlines
44:19 Husbandry
45:48 Husbandry
46:24 Scale Mail Armor
46:18 Town Watch
49:48 Hand Cart
50:39 Heavy Plow
53:14 Imperial Age
51:59 Stirrups
52:47 Bow Saw
55:10 Plate Barding Armor
55:36 Blast Furnace
54:00 Elite Konnik
RDA Lurchoton
13:21 Feudal Age
14:20 Loom
17:07 Double-Bit Axe
27:06 Castle Age
28:17 Wheelbarrow
27:35 Gold Mining
29:05 Gold Shaft Mining
28:56 Bow Saw
29:16 Scale Barding Armor
29:14 Husbandry
30:16 Chain Barding Armor
30:14 Forging
31:02 Stone Mining
30:51 Light Cavalry
32:29 Town Watch
33:02 Hand Cart
40:20 Town Watch
41:05 #83
43:26 Imperial Age
41:29 Town Watch
43:57 Cavalier
45:19 Plate Barding Armor
45:20 Iron Casting
45:51 Conscription
46:08 Town Patrol
47:32 Blast Furnace
47:28 Chivalry
49:31 Hoardings
48:34 Paladin
[Ne0] Vladimir Putin
12:58 Feudal Age
17:03 Castle Age
15:33 Double-Bit Axe
16:43 Loom
16:45 Horse Collar
18:38 Horse Collar
21:27 Wheelbarrow
26:11 Bow Saw
26:16 Scale Mail Armor
28:15 Fletching
28:42 Chain Mail Armor
34:02 Forging
33:47 Bodkin Arrow
35:03 Iron Casting
34:21 Eagle Warrior
39:44 Imperial Age
37:41 Squires
39:56 Ballistics
39:32 Murder Holes
39:53 Town Watch
40:23 Hand Cart
40:58 Garland Wars
40:52 Elite Eagle Warrior
42:31 Conscription
44:32 Plate Mail Armor
45:44 Blast Furnace
49:27 Atlatl
50:03 Arson
50:42 Gold Mining
50:42 Stone Mining
51:16 Town Patrol
52:26 Elite Skirmisher
53:10 Padded Archer Armor
53:11 Bracer
54:33 Leather Archer Armor
RDA Ronan
7:33 Loom
12:26 Feudal Age
13:34 Town Watch
16:58 Castle Age
14:58 Double-Bit Axe
16:04 Gold Mining
17:27 Fletching
17:59 Bow Saw
18:29 Bodkin Arrow
21:05 Gold Mining
21:47 Husbandry
25:23 Ballistics
25:15 Padded Archer Armor
26:04 Wheelbarrow
30:44 Horse Collar
31:39 Heavy Plow
32:04 Bloodlines
38:01 Leather Archer Armor
40:36 Imperial Age
39:58 Stone Mining
40:52 Masonry
41:06 Heavy Cavalry Archer
41:53 Bracer
42:55 Silk Armor
43:58 Conscription
45:40 Chemistry
45:14 Coinage
45:54 Town Patrol
46:10 Hand Cart
47:00 Gold Shaft Mining
47:31 Banking
48:03 Crop Rotation
48:26 Timurid Siegecraft
49:13 Siege Engineers
50:56 Ring Archer Armor
53:55 Treadmill Crane
Connection lost

Rejoining the realm…

Still unreachable

The connection could not be restored.

Session expired

The server has moved on; the page needs a fresh start.